 Dungeon Crawl Stone Soup version 0.32-a0-909-gc671339a80 (webtiles) character file.

Game seed: 13613981499045340764

23 jasper the Digger (level 2, 0/15 HPs)
             Began as a Deep Elf Earth Elementalist on Apr 6, 2024.
             Slain by Natasha (6 damage)
             ... on level 2 of the Dungeon.
             The game lasted 00:00:54 (1122 turns).

jasper the Digger (Deep Elf Earth Elementalist)     Turns: 1122, Time: 00:00:55

Health: 0/15       AC:  2    Str:  5    XL:     2   Next: 72%
Magic:  6/8        EV: 11    Int: 19    God:
Gold:   43         SH:  0    Dex: 15    Spells: 6/7 levels left

rFire   . . .        (no weapon)
rCold   . . .        (no shield)
rNeg    . . .        a - +0 robe
rPois   .            (no helmet)
rElec   .            (no cloak)
rCorr   .            (no gloves)
SInv    .            (no boots)
Will    .....        (no amulet)
Stlth   ++           (no ring)
HPRegen 0.22/turn    (no ring)
MPRegen 0.11/turn

%: no passive effects
@: no status effects
A: no striking features
a: no special abilities


You were on level 2 of the Dungeon.
You visited 1 branch of the dungeon, and saw 2 of its levels.

You collected 43 gold pieces.

Inventory:

Armour
 a - a +0 robe (worn)
Magical Staves
 g - a staff of cold
Potions
 b - a potion of magic
 d - 2 potions of lignification
 e - a potion of curing {unknown}


   Skills:
 - Level 2.4 Dodging
 - Level 2.4 Stealth
 - Level 3.0 Spellcasting
 - Level 1.1 Conjurations
 + Level 4.4 Earth Magic


You had 6 spell levels left.
You knew the following spells:

 Your Spells              Type           Power      Damage    Failure   Level
a - Sandblast             Erth           38%        2d10      2%          1

Your spell library contained the following spells:

 Spells                   Type           Power      Damage    Failure   Level
 Passwall                 Erth           19%        N/A       8%          3
 Stone Arrow              Conj/Erth      26%        3d8       14%         3
 Brom's Barrelling Bould  Conj/Erth      13%        2d4       43%         4
 Petrify                  Alch/Erth      11%        N/A       52%         4


Dungeon Overview and Level Annotations

Branches:
Dungeon (2/15)

Altars:

Annotations:
D:2 Natasha


Message History

The air fills with toxic fumes!
As you read the scroll labelled MIL QOLESUTUJE, it crumbles to dust.
It was a scroll of poison.
You start waiting.
Done waiting.
There is an escape hatch in the floor here.
You slide downwards.
The hatch slams shut behind you.
Found a potion of lignification.
Aiming: Sandblast (safe; 2% risk of failure)
Press: ? - help, Q - select action Shift-Dir - straight line, f - adder
Aim: an adder (asleep, 100% to hit)
The blast of sand hits the adder!
You kill the adder!
You now have 7/8 mp.
Magic restored.
d - 2 potions of lignification (gained 1) Natasha, Servant of Life and Death comes into view.
Found a stone staircase leading down.
Natasha hisses angrily.
MP restored: 8 Natasha is nearby!
Found 9 gold pieces.
Natasha stares at you and mumbles some strange words.
The magic dart hits you!
Ouch! That really hurt!
You take 8 damage, and have 7/15 hp.
MASSIVE DAMAGE!!
Aiming: Sandblast (safe; 2% risk of failure)
Press: ? - help, Q - select action Shift-Dir - straight line, f - Natasha
Aim: Natasha (77% to hit)
The blast of sand hits Natasha.
Natasha is lightly wounded.
You now have 7/8 mp.
Aiming: Sandblast (safe; 2% risk of failure)
Press: ? - help, Q - select action Shift-Dir - straight line, f/p - Natasha
Aim: Natasha (lightly wounded, 77% to hit)
The blast of sand hits Natasha.
Natasha is heavily wounded.
Natasha claws you. x2
You die...
Natasha begins licking her fur clean.

##### ...#
#.###.##############.#
#.....................
#.###..#############..
#@.# ......h.......#
###...#..####.#
.......... .....>.....
##..###.#.## #.. ..#$#
.. .###.


You could see Natasha.

Vanquished Creatures
  An adder (D:2)
  2 bats (D:1)
  2 goblins (D:1)
  A hobgoblin (D:1)
  A quokka (D:1)
  4 ball pythons (D:1)
  2 frilled lizards (D:1)
  2 rats (D:1)
15 creatures vanquished.

Notes
Turn   | Place    | Note
-------+----------+-------------------------------------------
     0 | D:1      | jasper the Deep Elf Earth Elementalist began the quest for
                  | the Orb.
     0 | D:1      | Reached XP level 1. HP: 10/10 MP: 6/6
   537 | D:1      | Reached XP level 2. HP: 15/15 MP: 6/8
   598 | D:1      | Reached skill level 4 in Earth Magic
  1118 | D:2      | Noticed Natasha
  1122 | D:2      | Slain by Natasha

Illustrated notes

Levels and vault maps discovered:
D:1:      shiori_shiawase, layout_loops_corners
D:2:      layout_basic, nicolae_concentric_dashed_squares_mild, chequers_garden,
          nicolae_shop_unique_rings, uniq_crazy_yiuf_cottage, uniq_natasha,
          uniq_terence, uniq_jessica

Skill      XL: |  1  2 |
---------------+-------+-----
Earth Magic    | 4 |  4.4
Dodging        | |  2.4
Stealth        | |  2.4
Spellcasting   | |  3.0
Conjurations   | |  1.1

Action                     || total
---------------------------++-------
   Cast: Sandblast         ||    18
    Use: Scroll            ||     2
 Armour: Robe              ||     3
  Dodge: Dodged            ||     2

Table legend: (Time is in decaauts)
 A = Elapsed time spent in this place.
 B = Non-inter-level travel time spent in this place.
 C = Inter-level travel time spent in this place.
 D = Time resting spent in this place.
 E = Time spent auto-exploring this place.
 F = Levels seen in this place.
 G = Mean time per level.
                   A        B        C        D        E       F      G
               +--------+--------+--------+--------+--------+-----+--------+
         Total |   1130 |   1076 |     54 |    100 |    896 |   2 |  565.0 |
       Dungeon |   1130 |   1076 |     54 |    100 |    896 |   2 |  565.0 |
               +--------+--------+--------+--------+--------+-----+--------+

Top non-repeatable levels by time:
     D:1: 1108 daAuts
     D:2: 21 daAuts
